 Dungeon Crawl Stone Soup version 0.30.1-4-g462c640d31 (webtiles) character file.

Game seed: 1863708464277119175

5 Arctor the Ruffian (level 1, 0/24 HPs)
             Began as a Draconian Transmuter on Sept 7, 2023.
             Succumbed to a kobold's poison
             ... on level 1 of the Dungeon.
             The game lasted 00:00:20 (177 turns).

Arctor the Ruffian (Draconian Transmuter)            Turns: 177, Time: 00:00:21

Health: 0/24       AC: 20    Str: 12    XL:     1   Next: 66%
Magic:  3/3        EV:  2    Int: 13    God:
Gold:   6          SH:  0    Dex: 11    Spells: 3/4 levels left

rFire   . . .        c - +1 dagger (venom)
rCold   . . .        (no shield)
rNeg    . . .        (body armour unavailable)
rPois   +            (helmet currently unavailable)
rElec   .            (cloak currently unavailable)
rCorr   .            (gloves currently unavailable)
SInv    .            (boots currently unavailable)
Will    .....        (no amulet) Stlth
                     (no ring)
HPRegen 0.24/turn    (no ring)
MPRegen 0.08/turn

%: no passive effects
@: lethally poisoned (0 -> -2), tree-form, silenced
A: stationary, stasis, torment immunity, boosted hp, AC +4, unfitting armour,
(cold-blooded)
a: no special abilities


You were on level 1 of the Dungeon.
You were a tree.
You visited 1 branch of the dungeon, and saw 1 of its levels.

You collected 6 gold pieces.

Inventory:

Hand Weapons
 c - a +1 dagger of venom (weapon)
Scrolls
 b - 2 scrolls of silence


   Skills:
 + Level 1.2 Fighting
 + Level 1.9 Dodging
 + Level 3.0 Unarmed Combat
 + Level 2.0 Spellcasting
 + Level 2.1 Transmutations


You had 3 spell levels left.
You knew the following spells:

 Your Spells              Type           Power      Damage    Failure   Level
a - Beastly Appendage     Tmut           12%        N/A       11%         1

Your spell library contained the following spells:

 Spells                   Type           Power      Damage    Failure   Level
 Wereblood                Tmut           6%         N/A       16%         2
 Spider Form              Tmut/Pois      4%         N/A       45%         3
 Call Canine Familiar     Summ           1%         N/A       58%         3
 Portal Projectile        Hex/Tloc       2%         N/A       58%         3
 Ice Form                 Ice/Tmut       4%         N/A       86%         4
 Leda's Liquefaction      Hex/Erth       0%         N/A       94%         4


Dungeon Overview and Level Annotations

Branches:
Dungeon (1/15)

Altars:


Innate Abilities, Weirdness & Mutations

You are a tree.
Your roots penetrate the ground, keeping you stationary.
You cannot be teleported.
You are immune to unholy pain and torment.
Your maximum health is greatly increased.
Your equipment is partially melded.
((Your plain brown scales are hard. (AC +4)))
You cannot fit into any form of body armour.
((You are cold-blooded and may be slowed by cold attacks.))


Message History

You feel very sick.
The kobold hits you with a +1 dagger of venom.
You are lethally poisoned!
You closely miss the kobold.
Your tail-slap misses the kobold.
Your punch misses the kobold.
The kobold is severely wounded.
You feel very sick. The kobold barely misses you.
You are too injured to fight recklessly!
You are too injured to fight recklessly!
You are too injured to fight recklessly!
You are too injured to fight recklessly!
Unknown command.
You closely miss the kobold.
The kobold is severely wounded.
You feel sick. The kobold closely misses you.
You closely miss the kobold.
The kobold is severely wounded.
* * * LOW HITPOINT WARNING * * *
You feel sick.
You kill the kobold!
* * * LOW HITPOINT WARNING * * *
You feel sick.
Things that are here:
a +1 dagger of venom; a +0 ring mail of willpower
Okay, then.
As you read the scroll labelled NINEAC DUEMUQ, it crumbles to dust.
A profound silence engulfs you.
It was a scroll of silence.
* * * LOW HITPOINT WARNING * * *
You feel sick.
Really quaff the potion of lignification?
You turn into a tree.
Your roots penetrate the ground.
* * * LOW HITPOINT WARNING * * *
You feel sick.
Unknown command.
There is a lethal amount of poison in your body!
There is a lethal amount of poison in your body!
* * * LOW HITPOINT WARNING * * *
You feel sick.
You die...

..# ... ..# ..#
########... #.......#.#
# ####### ........#.#.#
#.....# ####♣#.#.#
#.###.#
#...?....######.###.#
.....##.#†###........#.#
#..####.#......###.#.#.#
#..........###.##.......
.#######.# #.##.......
#.###.##.##.##.
#.....##. #....
###.####. ####.


There were no monsters in sight!

Vanquished Creatures
  2 hobgoblins (D:1)
  A kobold (D:1)
  A frilled lizard (D:1)
  A rat (D:1)
5 creatures vanquished.

Notes
Turn   | Place    | Note
-------+----------+-------------------------------------------
     0 | D:1      | Arctor the Draconian Transmuter began the quest for the
                  | Orb.
     0 | D:1      | Reached XP level 1. HP: 16/16 MP: 3/3
   176 | D:1      | HP: 1/24 [poisoned by a kobold]
   177 | D:1      | Succumbed to a kobold's poison

Illustrated notes

Levels and vault maps discovered:
D:1:      dpeg_arrival_line_fractal, layout_loops_cross, minmay_pentomino_s2

Action                     || total
---------------------------++-------
  Melee: Dagger            ||    11
         Unarmed           ||    10
         Tailslap          ||     1
         Punch             ||     1
   Cast: Beastly Appendage ||     1
    Use: Scroll            ||     1
         Potion            ||     1
 Armour: Skin              ||     5
  Dodge: Dodged            ||    10
